 Dungeon Crawl Stone Soup version 0.17-a0-1519-g2001520 (webtiles) character file.

16 Drakthor the Ruffian (level 2, 0/25 HPs)
             Began as a Naga Transmuter on July 13, 2015.
             Slain by a bat (1 damage)
             ... on level 1 of the Dungeon.
             The game lasted 00:09:54 (1432 turns).

Drakthor the Ruffian (Naga Transmuter)              Turns: 1432, Time: 00:09:55

Health: 0/25       AC:  2    Str: 12    XL:     2   Next: 54%
Magic:  5/5        EV: 10    Int: 13    God:
Gold:   64         SH:  0    Dex: 11    Spells: 1 memorised, 4 levels left

rFire  . . .     SeeInvis +       - Unarmed
rCold  . . .     Clarity  .     b - +0 robe
rNeg   . . .     SustAt   .     (no shield)
rPois  +         Gourm    .     (no helmet)
rElec  .         Spirit   .     (no cloak)
rCorr  .         Warding  .     (no gloves)
rMut   .         Stasis   .     (no barding)
MR     .....                    (no amulet)
Stlth  +++.......               (no ring)
                                k - ring of stealth

@: very slow, not resistant to hostile enchantments, fairly stealthy
A: molten scales 1, see invisible, deformed body, poison resistance, slowness 2,
slow metabolism 1, spit poison 2, evolution 1, AC +0
a: Spit Poison


You were on level 1 of the Dungeon.
You were hungry.

You visited 1 branch of the dungeon, and saw 1 of its levels.

You collected 64 gold pieces.

Inventory:

Hand weapons
 l - a +1 dagger of speed
Armour
 b - a +0 robe (worn)
Jewellery
 k - a ring of stealth (left hand)
Scrolls
 h - a scroll of fear {unknown}
 i - a scroll of teleportation {unknown}
 j - a scroll of immolation {unknown}
 m - a scroll of identify {unknown}
Potions
 g - a potion of curing {unknown}
Books
 c - a book of Changes

   Spells                             Type                      Level
   a - Beastly Appendage              Transmutation                1
   b - Sticks to Snakes               Transmutation                2
   c - Spider Form                    Transmutation/Poison         3
   d - Ice Form                       Ice/Transmutation            4
   e - Blade Hands                    Transmutation                5
Comestibles
 a - 3 chunks of flesh
 d - 4 bread rations
 f - a slice of pizza


   Skills:
 - Level 1.0 Fighting
 - Level 1.5 Dodging
 + Level 0.9 Stealth
 - Level 3.0 Unarmed Combat
 - Level 2.0 Spellcasting
 + Level 3.0 Transmutations


You had 4 spell levels left.
You knew the following spells:

 Your Spells              Type           Power        Failure   Level  Hunger
a - Beastly Appendage     Trmt           #.....       10%         1    ##.....


Dungeon Overview and Level Annotations

Branches:
Dungeon (1/15)

Altars:


Innate Abilities, Weirdness & Mutations

You cannot wear boots.
Your serpentine skin is tough (AC +0).
You have supernaturally acute eyesight.
Armour fits poorly on your strangely shaped body.
Your system is resistant to poisons.
You cover ground very slowly.
You have a slow metabolism.
You can spit poison.
You are partially covered in molten scales (AC +1).
You evolve.


Message History

The bat closely misses you. The hobgoblin hits you.
* * * LOW HITPOINT WARNING * * *
It was a potion of mutation.
You feel extremely strange.
You feel nature experimenting on you.
Don't worry, failures die fast.
Molten scales grow over part of your body.
The bat hits you but does no damage. The hobgoblin hits you.
* * * LOW HITPOINT WARNING * * *
The bat closely misses you.
You hit the hobgoblin. You headbutt the hobgoblin.
You kill the hobgoblin!
Your Transmutations skill increases to level 3!
Your horns disappear.
The bat barely misses you. The bat closely misses you.
You see here a hobgoblin corpse.
The bat hits you but does no damage.
You closely miss the bat. The bat closely misses you. The bat hits you.
* * * LOW HITPOINT WARNING * * *
The bat hits you.
You die...

..######.....#...# ####........#
..#####...#.....#####...........#
..........#..#.#..#..####.......#
.############.....#..# #.....###
....# #......#.....# #####.###
....# #......#.....# #......
....# #...######...# #.##...
....# #...#.....?.## ##.# ...
.##.# ##...#...@?..# #..# ###
....# #.........b..# ###..#####
..... #.......####.# ##..#.##...
#### #.......# #.###..#####≈≈.
#.......# #.#.#.##.#...≈≈
#.......# #.##...#....≈≈≈
#.......####.##.....≈≈...≈
#............##.≈.≈≈≈≈≈..≈
#............###..≈≈≈≈≈≈≈.


You could see a bat.

Vanquished Creatures
  2 bats (D:1)
  4 goblins (D:1)
  4 hobgoblins (D:1)
  A kobold (D:1)
  2 rats (D:1)
13 creatures vanquished.

Notes
Turn   | Place    | Note
--------------------------------------------------------------
     0 | D:1      | Drakthor the Naga Transmuter began the quest for the Orb.
     0 | D:1      | Reached XP level 1. HP: 18/18 MP: 3/3
   837 | D:1      | Reached XP level 2. HP: 25/25 MP: 5/5
  1426 | D:1      | Gained mutation: You evolve. [potion of mutation]
  1426 | D:1      | Gained mutation: You are partially covered in molten scales (AC +1). [potion of mutation]
  1431 | D:1      | HP: 1/25 [bat (1)]
  1432 | D:1      | Slain by a bat

Vault maps used:
D:1:      dpeg_arrival_subterranean_lakeside_camping, hangedman_decor_push,
          minivault_19

Action                   || total
-------------------------++-------
Melee: Unarmed           ||    60
 Cast: Beastly Appendage ||     5
  Use: Scroll            ||     1
       Potion            ||     1
 Stab: Sleeping          ||     1
